 Dungeon Crawl Stone Soup version 0.17.1-3-g152610e (webtiles) character file.

140 barb4r1an the Skirmisher (level 5, -4/47 HPs)
             Began as a Minotaur Fighter on Apr 15, 2016.
             Slain by Eustachio
             ... wielding a +1 falchion of draining
              (5 damage)
             ... on level 4 of the Dungeon.
             The game lasted 00:03:22 (2127 turns).

barb4r1an the Skirmisher (Minotaur Fighter)         Turns: 2127, Time: 00:03:22

Health: -4/47      AC:  8    Str: 21    XL:     5   Next: 2%
Magic:  4/4        EV:  7    Int:  5    God:
Gold:   185        SH:  9    Dex: 10    Spells: 0 memorised, 4 levels left

rFire  . . .     SeeInvis .     a - +0 flail
rCold  . . .     Clarity  .     b - +0 scale mail
rNeg   . . .     SustAt   .     c - +0 shield
rPois  .         Gourm    .     (helmet restricted)
rElec  .         Spirit   .     (no cloak)
rCorr  .         Warding  .     l - +1 pair of gloves
rMut   .         Stasis   .     (no boots)
MR     .....                    (no amulet)
Stlth  ..........               (no ring)
                                (no ring)

@: heavily drained, not resistant to hostile enchantments, extremely unstealthy
A: retaliatory headbutt, horns 2
a: no special abilities


You were on level 4 of the Dungeon.
You were not hungry.

You visited 1 branch of the dungeon, and saw 4 of its levels.

You collected 185 gold pieces.

Inventory:

Hand Weapons
 a - a +0 flail (weapon)
Armour
 b - a +0 scale mail (worn)
 c - a +0 shield (worn)
 l - a +1 pair of gloves (worn)
Scrolls
 h - a scroll of teleportation {unknown}
 j - 5 scrolls of identify {unknown}
 k - a scroll of enchant armour {unknown}
 n - 2 scrolls of remove curse {unknown}
Potions
 d - 4 potions of might
 i - a potion of lignification {unknown}
 m - a potion of poison {unknown}
 o - 2 potions of heal wounds {unknown}
 p - a potion of agility {unknown}
 q - a potion of curing {unknown}
 r - a potion of haste {unknown}
 s - a potion of magic {unknown}
Books
 t - a book of Changes

   Spells                             Type                      Level
   a - Beastly Appendage              Transmutation                1
   b - Sticks to Snakes               Transmutation                2
   c - Spider Form                    Transmutation/Poison         3
   d - Ice Form                       Ice/Transmutation            4
   e - Blade Hands                    Transmutation                5
Comestibles
 e - 3 bread rations
 f - 2 royal jellies
 g - 2 meat rations


   Skills:
 + Level 4.4(2.6) Fighting
 + Level 3.7(2.0) Maces & Flails
 + Level 4.4(2.6) Armour
 + Level 1.9(0.2) Dodging
 + Level 4.4(2.6) Shields


You had 4 spell levels left.
You didn't know any spells.

Dungeon Overview and Level Annotations

Branches:
Dungeon (4/15)
 Temple: D:4-7

Altars:
Ashenzari
Dithmenos
Qazlal
Trog
Xom

Annotations:
D:4 Eustachio


Innate Abilities, Weirdness & Mutations

You reflexively headbutt those who attack you in melee.
You have a pair of horns on your head.


Message History

The rat bites you but does no damage.
The quasit bites you but does no damage.
You block the quasit's attack. x2
The white imp hits you but does no damage.
Eustachio hits you but does no damage.
You feel drained.
You barely miss Eustachio. You headbutt Eustachio.
Eustachio is severely wounded.
The white imp disappears in a puff of smoke!
The quasit disappears in a puff of smoke!
The rat closely misses you.
Eustachio says, "Summoning is fun!"
Eustachio hits you with a falchion of draining.
* * * LOW HITPOINT WARNING * * *
You feel drained.
* * * LOW HITPOINT WARNING * * *
You barely miss Eustachio.
Eustachio is severely wounded.
The rat bites you but does no damage.
Eustachio hits you with a falchion of draining.
You die...

............#### ###.
...............###....
##.......###.......#
##.....### ###....##
######## ###......##
.# #.........## .##
#..........# ..#
#.....@....## ..##
#......@r...## ...#
#.......ยง....# #..##
##...........# #...#
#............# ##..##
#............# .....#
##...........# .....##
#...........# ......##
##..........#
.......## #..........#


You could see Eustachio and a rat.

Vanquished Creatures
  A quasit (D:4)
  3 adders
  An ooze (D:1)
  3 worms (D:2)
  2 giant geckos
  An orc (D:4)
  8 bats
  3 giant cockroaches (D:1)
  6 hobgoblins
  3 jackals (D:2)
  2 quokkas (D:2)
  A ball python (D:1)
  A giant gecko skeleton (D:4)
  6 giant newts
  9 goblins
  9 kobolds
  7 rats
66 creatures vanquished.

Notes
Turn   | Place    | Note
--------------------------------------------------------------
     0 | D:1      | barb4r1an the Minotaur Fighter began the quest for the Orb.
     0 | D:1      | Reached XP level 1. HP: 19/19 MP: 0/0
   172 | D:1      | Reached XP level 2. HP: 25/27 MP: 1/1
   199 | D:1      | Found a shattered altar of Ashenzari.
   497 | D:1      | Reached skill level 4 in Armour
   655 | D:1      | Reached XP level 3. HP: 33/33 MP: 2/2
   913 | D:2      | Reached skill level 1 in Dodging
  1118 | D:2      | Reached XP level 4. HP: 30/40 MP: 3/3
  1388 | D:2      | Found a bloodstained altar of Trog.
  1601 | D:3      | Found a shadowy altar of Dithmenos.
  1621 | D:3      | Found a shimmering altar of Xom.
  1623 | D:3      | Found a shimmering altar of Xom.
  1623 | D:3      | Found a shimmering altar of Xom.
  1625 | D:3      | Found a shimmering altar of Xom.
  1625 | D:3      | Found a shimmering altar of Xom.
  1630 | D:3      | You fall through a shaft!
  1797 | D:4      | Found a stormy altar of Qazlal.
  1961 | D:4      | Reached XP level 5. HP: 47/47 MP: 4/4
  2101 | D:4      | Noticed Eustachio
  2126 | D:4      | HP: 2/47 [Eustachio/falchion of draining (2)]
  2127 | D:4      | Slain by Eustachio

Action                   |  1- 3 |  4- 6 || total
-------------------------+-------+-------++-------
Melee: Flail             |   129 |    52 ||   181
  Eat: Bread ration      |       |     1 ||     1
